 Dungeon Crawl Stone Soup version 0.20-a0-972-gb9bd3e6 (console) character file.

3976 nht the Covert (level 10, -1/94 HPs)
             Began as a Vampire Wanderer on Apr 9, 2017.
             Slain by a killer bee (7 damage)
             ... on level 6 of the Dungeon.
             The game lasted 00:13:34 (5137 turns).

nht the Covert (Vampire Wanderer)                   Turns: 5137, Time: 00:13:36

Health: -1/94      AC:  3    Str: 18    XL:     10   Next: 2%
Magic:  10/10      EV: 11    Int: 18    God:
Gold:   382        SH:  0    Dex: 12    Spells: 9/9 levels left

rFire    + . .     SeeInvis +   v - +2 dagger (speed)
rCold    + . .     Gourm    .   (no shield)
rNeg     + . .     Faith    .   e - +0 robe
rPois    .         Spirit   .   (no helmet)
rElec    +         Reflect  .   m - scarf {rC+ rF+}
rCorr    +         Harm     .   (no gloves)
MR       ++...     Clarity  +   k - +0 pair of boots "Botir" {rElec MR+ rCorr}
Stlth    ..........             (no amulet)
Regen    0.3/turn               (no ring)
MPRegen  0.2/turn               (no ring)

@: berserking, lethally poisoned (-1 -> -8), very quick
A: fangs 3, talons 2, see invisible, clarity, unbreathing
a: Bat Form


You were on level 6 of the Dungeon.
You were not thirsty.

You visited 1 branch of the dungeon, and saw 6 of its levels.

You collected 382 gold pieces.

Inventory:

Hand Weapons
 a - a +0 scimitar
 c - a +2 dagger of venom
 g - a +3 hunting sling
 v - a +2 dagger of speed (weapon)
Missiles
 j - 7 tomahawks of dispersal (quivered)
 o - 3 poisoned needles
 s - 3 javelins of returning
Armour
 e - a +0 robe (worn)
 k - the +0 pair of boots "Botir" (worn) {rElec MR+ rCorr}
   (You found it on level 5 of the Dungeon)

   It insulates you from electricity.
   It affects your resistance to hostile enchantments.
   It protects you from acid and corrosion.
 m - a scarf of resistance (worn)
Wands
 p - a wand of paralysis (8/24)
Scrolls
 b - 3 scrolls of blinking
 d - 3 scrolls of teleportation
 l - a scroll of recharging
Potions
 f - 21 potions of blood
 h - 6 potions of curing
 n - a potion of brilliance
 q - a potion of might
Books
 i - a book of Callings

   Spells                             Type                      Level
   a - Summon Small Mammal            Summoning                    1
   b - Call Imp                       Summoning                    2
   c - Call Canine Familiar           Summoning                    3
   d - Summon Guardian Golem          Hexes/Summoning              3
   e - Summon Lightning Spire         Summoning/Air                4
   f - Summon Ice Beast               Ice/Summoning                4


   Skills:
 - Level 10.1(12.4) Short Blades
 + Level 11.2(12.4) Long Blades
   Level 2.4(2.7) Maces & Flails
   Level 1.5(2.2) Staves
 - Level 12.4 Stealth


You had 9 spell levels left.
You didn't know any spells.

Dungeon Overview and Level Annotations

Branches:
Dungeon (6/15)
 Temple: D:4-7

Altars:
Uskayaw
Xom

Annotations:
D:6 exclusion: killer bee


Innate Abilities, Weirdness & Mutations

You have razor-sharp teeth.
You have supernaturally acute eyesight. (SInv)
You can survive without breathing.
You have razor-sharp toenails.
You possess an exceptional clarity of mind.


Message History

You are more poisoned.
The killer bee poisons you! The killer bee stings you.
* * * LOW HITPOINT WARNING * * *
You feel better.
The killer bee stings you but does no damage.
The killer bee misses you.
Wield which item (- for none, * to show all)? (? for menu, Esc to quit)
Your hands tingle!
v - a +2 dagger of speed (weapon)
The killer bee stings you!
* * * LOW HITPOINT WARNING * * *
You are poisoned.
The killer bee poisons you!
A red film seems to cover your vision as you go berserk!
You feel yourself moving faster!
You feel mighty!
You feel sick. The killer bee stings you.
* * * LOW HITPOINT WARNING * * *
You are lethally poisoned!
The killer bee poisons you! The killer bee stings you!
You die... █████████████████ █........[......█ ██████████.█████████████.█ █..........█ █/. █.███████ █.██████████ █.█ █........ █>█ █.█ █████████ █.█ █y█

██ █.█ █@█ █.██████.
█.█ █.█ █........
█.█ █.█ ████████.
█.█ █>█ ██ █.█
█.████████████████
█.█
█.██..............
█.█
█.██.█████████████
█.█ █.██.█
█.█████████████.██.█


You could see a killer bee.

Vanquished Creatures
  Grinder (D:3)
  Sigmund (D:3)
  A necrophage (D:5)
  2 phantoms
  5 ogres
  A centaur (D:5)
  2 big kobolds
  A gnoll sergeant (D:5)
  2 howler monkeys
  2 crimson imps (D:5)
  5 hounds
  A jelly (D:6)
  3 orc wizards
  An orc priest (D:3)
  A centaur skeleton (D:4)
  3 worker ants
  A hound skeleton (D:4)
  3 gnolls (D:5)
  11 adders
  2 adder skeletons (D:5)
  4 worms
  A dart slug (D:5)
  6 leopard geckos
  16 orcs
  6 giant cockroaches
  7 goblins
  10 hobgoblins
  7 jackals
  8 kobolds
  4 quokkas
  A ball python skeleton (D:6)
  7 bats
  6 frilled lizards
  A jackal skeleton (D:4)
  A leopard gecko zombie (D:6)
  9 rats
143 creatures vanquished.

Vanquished Creatures (others)
  2 worms (D:4)
2 creatures vanquished.

Grand Total: 145 creatures vanquished

Notes
Turn   | Place    | Note
-------+----------+-------------------------------------------
     0 | D:1      | nht the Vampire Wanderer began the quest for the Orb.
     0 | D:1      | nht set off with: a +2 dagger, a scroll of blinking, a +0 spear, a scroll of teleportation, a +0 robe, a potion of blood
     0 | D:1      | Reached XP level 1. HP: 13/13 MP: 1/1
    59 | D:1      | Reached skill level 1 in Short Blades
   329 | D:1      | Reached XP level 2. HP: 19/19 MP: 2/2
   673 | D:2      | Gained mutation: You have sharp toenails. [potion of mutation]
   673 | D:2      | Gained mutation: You possess an exceptional clarity of mind. [potion of mutation]
   673 | D:2      | Gained mutation: You have razor-sharp toenails. [potion of mutation]
   692 | D:2      | You fall through a shaft for 2 floors!
   754 | D:4      | Noticed an ogre
   820 | D:4      | Reached XP level 3. HP: 18/24 MP: 3/3
  1050 | D:2      | Reached XP level 4. HP: 30/30 MP: 4/4
  1343 | D:3      | Noticed a dagger
  1344 | D:3      | Noticed a hand axe
  1345 | D:3      | Found a hide-covered altar of Uskayaw.
  1448 | D:3      | Reached skill level 5 in Short Blades
  1558 | D:3      | Noticed Grinder
  1576 | D:3      | Reached XP level 5. HP: 35/35 MP: 5/5
  1589 | D:3      | Paralysed by Grinder for 7 turns
  1605 | D:3      | Paralysed by Grinder for 3 turns
  1621 | D:3      | Killed Grinder
  1621 | D:3      | Reached XP level 6. HP: 17/41 MP: 6/6
  2052 | D:3      | Noticed Sigmund
  2056 | D:3      | Killed Sigmund
  2056 | D:3      | Reached XP level 7. HP: 39/46 MP: 7/7
  2763 | D:4      | Found a shimmering altar of Xom.
  3214 | D:4      | Reached skill level 10 in Short Blades
  3214 | D:4      | Reached XP level 8. HP: 52/52 MP: 8/8
  3332 | D:4      | Reached skill level 8 in Stealth
  3410 | D:5      | Entered Level 5 of the Dungeon
  3431 | D:5      | Got a pair of smoking boots
  3437 | D:5      | Identified the +0 pair of boots "Botir" {rElec MR+ rCorr} (You found it on level 5 of the Dungeon)
  3481 | D:5      | Reached skill level 9 in Stealth
  3791 | D:5      | Reached skill level 10 in Stealth
  4225 | D:5      | Reached skill level 11 in Stealth
  4873 | D:6      | Reached skill level 12 in Stealth
  4916 | D:6      | Reached XP level 9. HP: 47/55 MP: 9/9
  5049 | D:6      | Reached XP level 10. HP: 58/61 MP: 10/10
  5137 | D:6      | Slain by a killer bee

Vault maps used:
D:1:      minmay_arrival_radiant_lines
D:3:      cheibrodos_thug_alley, dancing_weapons_uskayaw, first_bread,
          uniq_sigmund, uniq_grinder
D:4:      xom_confusion_cloud
D:5:      kennysheep_opposing_triangles
D:6:      zin_treasury, nicolae_overflow_crystal_walls, temple_statues

Skill      XL: |  1  2  3  4  5  6  7  8 |
---------------+-------------------------+-----
Short Blades   | 1 3 4 5 7 8 10 | 10.1
Stealth        | 12 | 12.4
Long Blades    | 11 | 11.2
Maces & Flails | |  2.4
Staves         | |  1.5

Action                   |  1- 3 |  4- 6 |  7- 9 | 10-12 || total
-------------------------+-------+-------+-------+-------++-------
Melee: Dagger            |    91 |   199 |   231 |       ||   521
       Bite              |     8 |    14 |    25 |       ||    47
       Kick              |     7 |    28 |    34 |       ||    69
       Short sword       |       |       |    47 |       ||    47
       Long sword        |       |       |     4 |       ||     4
       Scimitar          |       |       |    10 |    20 ||    30
Evoke: Wand              |       |       |     4 |       ||     4
  Use: Potion            |     7 |    10 |    12 |     2 ||    31
       Scroll            |     1 |     4 |     8 |     1 ||    14
 Stab: Sleeping          |     7 |    12 |    14 |     2 ||    35
       Distracted        |     1 |     1 |     1 |       ||     3
       Paralysed         |       |       |     2 |       ||     2
  Eat: Corpse            |     3 |       |     1 |       ||     4
Armor: Robe              |    21 |    22 |    23 |     5 ||    71
       Skin              |       |     4 |     2 |       ||     6
Dodge: Dodged            |    64 |    60 |    77 |    10 ||   211
       Rpst.: Scimitar   |       |       |     1 |     1 ||     2
